 Dungeon Crawl Stone Soup version 0.27-a0-686-gaed091b46b (webtiles) character file.

Game seed: 5896580523710767775

81025 wakim the Tortoise (level 15, -8/136 HPs)
             Began as a Minotaur Fighter on Mar 20, 2021.
             Was the Champion of the Shining One.
             Mangled by Jorgrun
             ... wielding a +0 vorpal quarterstaff
              (12 damage)
             ... on level 14 of the Dungeon.
             The game lasted 01:10:02 (21825 turns).

wakim the Tortoise (Minotaur Fighter)              Turns: 21825, Time: 01:10:02

Health: -8/136     AC: 21    Str: 25    XL:     15   Next: 25%
Magic:  18/20      EV:  4    Int:  5    God:    the Shining One [******]
Gold:   2131       SH: 31    Dex: 12    Spells: 14/14 levels left

rFire    + + .     SeeInvis .   a - +5 flail (vorpal)
rCold    + + .     Faith    .   x - +0 tower shield
rNeg     + + +     Spirit   .   k - +1 chain mail of the Moon Troll {rC++}
rPois    .         Reflect  .   G - +1 hat
rElec    .         Harm     .   T - +0 cloak
rCorr    .         Rampage  .   f - +0 pair of gloves
Will     +....                  g - +1 pair of boots
Stlth    ..........             o - amulet of regeneration
HPRegen  1.32/turn              l - ring of protection from fire
MPRegen  0.17/turn              Q - ring of protection from fire

@: divinely shielded, grasped by roots, glowing, constricted
A: horns 2, retaliatory headbutt
a: Renounce Religion, Divine Shield, Cleansing Flame, Summon Divine Warrior,
Brand Weapon With Holy Wrath


You were on level 14 of the Dungeon.
You worshipped the Shining One.
The Shining One was exalted by your worship.
You visited 3 branches of the dungeon, and saw 22 of its levels.

You collected 2299 gold pieces.
You spent 168 gold pieces at shops.

Inventory:

Hand Weapons
 a - a +5 vorpal flail (weapon)
 b - the +8 fustibalus of Patience {vorpal, rC+ rN+}
   (You acquired it on level 3 of the Dungeon)

   Any stone fired from it inflicts extra damage.
   It protects you from cold.
   It protects you from negative energy.
 i - a +0 morningstar of protection
Missiles
 t - 148 sling bullets
 E - 2 throwing nets (quivered)
 W - 5 curare-tipped darts
Armour
 f - a +0 pair of gloves (worn)
 g - a +1 pair of boots (worn)
 k - the +1 chain mail of the Moon Troll (worn) {rC++}
   (You found it on level 6 of the Dungeon)

   It greatly protects you from cold.
 x - a +0 tower shield (worn)
 G - a +1 hat (worn)
 T - a +0 cloak (worn)
Jewellery
 c - an amulet of faith
 l - a ring of protection from fire (right hand)
 m - an amulet of guardian spirit
 o - an amulet of regeneration (around neck)
 w - an amulet of reflection
 z - a +6 ring of strength
 C - a +6 ring of strength
 D - a +4 ring of protection
 I - a ring of positive energy
 K - a +4 ring of protection
 Q - a ring of protection from fire (left hand)
Wands
 d - a wand of digging (17)
 e - a wand of charming (5)
 h - a wand of acid (37)
 j - a wand of polymorph (5)
 p - a wand of paralysis (13)
 q - a wand of flame (47)
 y - a wand of mindburst (24)
Scrolls
 n - a scroll of acquirement
 r - 5 scrolls of amnesia
 s - 3 scrolls of enchant weapon
 u - 3 scrolls of enchant armour
 F - 2 scrolls of fog
 O - a scroll of silence
 S - a scroll of summoning
 V - a scroll of vulnerability
 X - a scroll of magic mapping {@r4}
 Y - 6 scrolls of teleportation {@r3}
 Z - 11 scrolls of identify {@r1}
Potions
 A - 5 potions of attraction
 B - 7 potions of brilliance
 H - 4 potions of haste
 J - 10 potions of curing {@q1}
 L - 2 potions of flight
 M - 3 potions of might
 N - 4 potions of heal wounds {@q2}
 P - a potion of lignification
 U - a potion of mutation
Miscellaneous
 v - a lightning rod (4/4)


   Skills:
 + Level 13.4 Fighting
 - Level 14.0 Maces & Flails
 * Level 6.4 Slings
 + Level 15.7 Armour
 + Level 1.5 Dodging
 + Level 15.1 Shields
 + Level 9.1 Invocations
 * Level 5.5 Evocations


You had 14 spell levels left.
You didn't know any spells.
Your spell library contained the following spells:

 Spells                   Type           Power      Damage    Failure   Level
 Animate Skeleton         Necr           0%         N/A       100%        1
 Apportation              Tloc           0%         N/A       100%        1
 Corona                   Hex            0%         N/A       100%        1
 Summon Small Mammal      Summ           0%         N/A       100%        1
 Call Imp                 Summ           0%         N/A       100%        2
 Ensorcelled Hibernation  Hex/Ice        0%         N/A       100%        2
 Poisonous Vapours        Pois/Air       0%         N/A       100%        2
 Call Canine Familiar     Summ           0%         N/A       100%        3
 Confusing Touch          Hex            0%         N/A       100%        3
 Conjure Flame            Conj/Fire      0%         6-21      100%        3
 Dazzling Flash           Conj/Hex       0%         N/A       100%        3
 Mephitic Cloud           Conj/Pois/Air  0%         N/A       100%        3
 Summon Guardian Golem    Hex/Summ       0%         N/A       100%        3
 Tukima's Dance           Hex            0%         N/A       100%        3
 Summon Ice Beast         Ice/Summ       0%         N/A       100%        4
 Summon Lightning Spire   Summ/Air       0%         N/A       100%        4
 Freezing Cloud           Conj/Ice/Air   0%         6-21      100%        6


Dungeon Overview and Level Annotations

Branches:
Dungeon (14/15)            Temple (0/1) D:4            Lair (6/6) D:10
  Swamp (0/4) Lair:3       Spider (0/4) Lair:2        Slime (0/5) Lair:5
    Orc (2/2) D:9             Elf (0/3) Orc:2        Vaults (0/5) D:13

Altars:
Cheibriados
Dithmenos
Elyvilon
Fedhas
Gozag
Okawaru
Qazlal
Ru
Sif Muna
Trog
Uskayaw
Yredelemnul
The Shining One
Beogh
Jiyva

Shops:
D:1 (   D:3 (   Orc:2 =(*:[

Portals:
Trove: D:10 (give +6 fire dragon scales)

Annotations:
D:6 exclusion: oklob plant
D:14 Jorgrun


Innate Abilities, Weirdness & Mutations

You have a pair of horns on your head.
You reflexively headbutt those who attack you in melee.


Message History

You barely miss Jorgrun.
Jorgrun is moderately wounded.
Jorgrun says, "Yer just na down-ta-earth enough."
Jorgrun gestures at you while chanting.
Roots burst forth from the earth!
The grasping roots grab you! The grasping roots constrict you.
You sock Jorgrun!
Jorgrun is heavily wounded.
Jorgrun hits you with a +0 vorpal quarterstaff!
The grasping roots constrict you.
You sock Jorgrun!
Jorgrun is heavily wounded.
Jorgrun hits you with a +0 vorpal quarterstaff.
* * * LOW HITPOINT WARNING * * *
The grasping roots constrict you.
You thump Jorgrun!
Jorgrun is severely wounded.
* * * LOW HITPOINT WARNING * * *
The grasping roots constrict you!
You sock Jorgrun! You headbutt Jorgrun, but do no damage.
Jorgrun is almost dead.
* * * LOW HITPOINT WARNING * * *
The grasping roots constrict you!
You thump Jorgrun!
Jorgrun is almost dead.
* * * LOW HITPOINT WARNING * * *
The grasping roots constrict you!
Your chain mail of the Moon Troll prevents you from hitting Jorgrun.
Jorgrun is almost dead.
* * * LOW HITPOINT WARNING * * *
The grasping roots constrict you!
You closely miss Jorgrun.
Jorgrun is almost dead.
* * * LOW HITPOINT WARNING * * *
The grasping roots constrict you!!
You fail to use your ability.
Jorgrun hits you with a +0 vorpal quarterstaff!
* * * LOW HITPOINT WARNING * * *
x2 You die...

###
#..........#
...#
#..........#
...#..........#
#.#..........#
#........[...#
###..........#
##.##.######
#..># ##@)#
#...g)....#
#.........+
+.......).#
#.........#
#.........#
#.........#
###########


You could see Jorgrun.

Vanquished Creatures
  Gastronok (Lair:1)
  An orc warlord (Orc:1)
  Snorg (Orc:1)
  A fire dragon (Lair:6)
  Josephine (D:14)
  An ice dragon (Lair:5)
  3 hydras
  A centaur warrior (D:13)
  3 death yaks (Lair:3)
  2 two-headed ogres (D:13)
  2 orc high priests
  Sonja (Orc:1)
  2 unseen horrors
  2 deep elf pyromancers (D:13)
  A lindwurm (Lair:6)
  An orb spider (Lair:2)
  7 orc knights
  6 ugly things
  4 orc sorcerers
  An oklob plant (Lair:2)
  A manticore (D:13)
  5 cyclopes
  A moth of wrath (D:8)
  Maurice (Orc:1)
  3 black mambas
  2 torpor snails
  Maggie (D:8)
  A gargoyle (D:13)
  4 centaur zombies
  2 molten gargoyles (Lair:6)
  2 centaur skeletons
  12 cane toads
  2 rime drakes
  2 kobold demonologists
  11 komodo dragons
  5 trolls
  A polar bear (Lair:3)
  Grinder (D:4)
  37 blink frogs
  5 dream sheep
  Sigmund (D:7)
  64 yaks
  6 wraiths
  15 wyverns
  16 humans (D:13)
  8 basilisks
  2 steam dragons
  7 vampire mosquitoes
  Grum (D:11)
  An acid dragon (D:11)
  2 wargs
  2 hell hounds (Lair:6)
  Edmund (D:7)
  15 water moccasins
  3 sky beasts
  3 ice beasts
  4 black bears
  32 orc warriors
  14 ogres
  3 centaurs
  2 necrophages
  3 phantoms
  22 wolves
  4 kobold brigands
  A gnoll sergeant (D:13)
  17 bullfrogs
  A water moccasin zombie (D:9)
  4 scorpions
  A water moccasin skeleton (D:10)
  A wyvern skeleton (D:6)
  19 killer bees
  11 wights
  4 howler monkeys
  5 lava snakes (Lair:6)
  2 bullfrog zombies
  4 hounds
  5 jellies
  12 orc priests
  2 bullfrog skeletons
  An iguana (D:10)
  9 worker ants
  14 orc wizards
  Robin (D:3)
  A howler monkey zombie (D:10)
  A worker ant zombie (D:11)
  A howler monkey skeleton (D:4)
  7 adders
  A shadow imp (D:9)
  5 white imps
  2 ufetubi
  3 adder skeletons
  2 adder zombies
  2 worms
  4 dart slugs
  6 leopard geckos
  76 orcs
  5 giant cockroaches
  13 goblins
  15 hobgoblins
  7 jackals
  16 kobolds
  A quokka (D:4)
  2 ball pythons
  8 bats
  6 frilled lizards
  A jackal skeleton (D:4)
  6 rats
677 creatures vanquished.

Vanquished Creatures (collateral kills)
  Saint Roka (Orc:1)
  A hydra (Lair:2)
2 creatures vanquished.

Vanquished Creatures (others)
  A hell hound (Lair:6)
  An orc (D:13)
  A bush (Lair:6)
  36 fungi
  31 plants
70 creatures vanquished.

Grand Total: 749 creatures vanquished

Notes
Turn   | Place    | Note
-------+----------+-------------------------------------------
     0 | D:1      | wakim the Minotaur Fighter began the quest for the Orb.
     0 | D:1      | Reached XP level 1. HP: 19/19 MP: 0/0
    96 | D:1      | Found a glowing golden altar of the Shining One.
   103 | D:1      | Became a worshipper of the Shining One
   264 | D:1      | Found Buewif's Antique Weapon Emporium.
   783 | D:2      | Reached XP level 2. HP: 27/27 MP: 1/1
   899 | D:2      | Found a sacrificial altar of Ru.
  1061 | D:2      | Reached XP level 3. HP: 30/33 MP: 2/2
  1329 | D:2      | Found an iron altar of Okawaru.
  1474 | D:2      | Found a hide-covered altar of Uskayaw.
  1594 | D:3      | Identified a scroll of acquirement
  1594 | D:3      | Acquired the +8 fustibalus of Patience {vorpal, rC+ rN+}
  1781 | D:3      | Found Tiatev's Weapon Boutique.
  1782 | D:3      | Noticed Robin
  1822 | D:3      | Killed Robin
  1823 | D:3      | Reached XP level 4. HP: 35/40 MP: 3/3
  1989 | D:3      | Noticed a water moccasin
  2020 | D:3      | Killed a water moccasin
  2021 | D:3      | Reached skill level 5 in Shields
  2021 | D:3      | Reached XP level 5. HP: 21/47 MP: 4/4
  2303 | D:3      | Reached * piety under the Shining One
  2520 | D:4      | Noticed an ogre
  2525 | D:4      | Killed an ogre
  2526 | D:4      | Reached skill level 5 in Maces & Flails
  2526 | D:4      | Reached XP level 6. HP: 55/55 MP: 5/5
  2580 | D:4      | Found a staircase to the Ecumenical Temple.
  2745 | D:4      | Reached skill level 5 in Fighting
  2918 | D:4      | Reached skill level 5 in Armour
  2941 | D:4      | Reached skill level 1 in Slings
  3096 | D:4      | Noticed Grinder
  3146 | D:4      | Killed Grinder
  3147 | D:4      | Reached skill level 1 in Invocations
  3147 | D:4      | Reached XP level 7. HP: 61/61 MP: 5/7
  3285 | D:4      | Found a shimmering blue altar of Sif Muna.
  3795 | D:5      | Entered Level 5 of the Dungeon
  4040 | D:5      | Found a white marble altar of Elyvilon.
  4551 | D:6      | Identified the +1 chain mail of the Moon Troll {rC++}
  4575 | D:6      | Reached ** piety under the Shining One
  4583 | D:6      | Reached XP level 8. HP: 56/68 MP: 8/8
  4677 | D:6      | Found an opulent altar of Gozag.
  4951 | D:6      | Found a hide-covered altar of Uskayaw.
  5396 | D:6      | Found a blossoming altar of Fedhas.
  5418 | D:6      | Noticed an oklob plant
  5738 | D:7      | Reached XP level 9. HP: 57/77 MP: 10/10
  5943 | D:1      | Bought a glowing morningstar for 168 gold pieces
  6072 | D:7      | Noticed Sigmund
  6085 | D:7      | Killed Sigmund
  6104 | D:7      | Noticed Edmund
  6110 | D:7      | Killed Edmund
  6391 | D:7      | Found a shadowy altar of Dithmenos.
  6525 | D:8      | Noticed Maggie
  6536 | D:8      | Reached *** piety under the Shining One
  6617 | D:8      | Killed Maggie
  6860 | D:8      | Found a snail-covered altar of Cheibriados.
  6868 | D:8      | Found a basalt altar of Yredelemnul.
  7079 | D:8      | Noticed a moth of wrath
  7084 | D:8      | Found a bloodstained altar of Trog.
  7120 | D:8      | Killed a moth of wrath
  7121 | D:8      | Reached XP level 10. HP: 86/86 MP: 12/12
  7337 | D:9      | Reached skill level 10 in Shields
  7886 | D:9      | Found a staircase to the Orcish Mines.
  7921 | D:9      | Reached skill level 10 in Maces & Flails
  8224 | D:9      | Found a stormy altar of Qazlal.
  8324 | D:10     | Entered Level 10 of the Dungeon
  8368 | D:10     | Reached skill level 5 in Invocations
  8648 | D:10     | Found a staircase to the Lair.
  8901 | D:10     | Reached **** piety under the Shining One
  9158 | D:10     | Found a portal to a secret trove of treasure.
  9449 | D:11     | Identified the +2 hand crossbow of the Poles {elec, Str+3}
  9653 | D:11     | Noticed an unseen horror
  9677 | D:11     | Killed an unseen horror
  9678 | D:11     | Reached XP level 11. HP: 95/95 MP: 14/14
  9712 | D:11     | Noticed a purple ugly thing
  9853 | D:11     | Noticed Grum
  9861 | D:11     | Killed Grum
  9895 | D:11     | Noticed a green ugly thing
  9904 | D:11     | Killed a green ugly thing
 10091 | D:11     | Killed a purple ugly thing
 10692 | D:11     | Identified the +7 short sword of the Desolation of Salt
                  | {vorpal, rElec rC+ rN+}
 10783 | Lair:1   | Entered Level 1 of the Lair of Beasts
 10962 | Lair:1   | Reached ***** piety under the Shining One
 10962 | Lair:1   | Noticed Gastronok
 11155 | Lair:1   | Killed Gastronok
 11156 | Lair:1   | Reached XP level 12. HP: 106/106 MP: 12/16
 11960 | Lair:2   | Reached skill level 10 in Fighting
 12006 | Lair:2   | Found a hole to the Spider Nest.
 12013 | Lair:2   | Reached skill level 10 in Armour
 12652 | Lair:3   | Noticed a death yak
 12652 | Lair:3   | Noticed a death yak
 12652 | Lair:3   | Noticed a death yak
 12752 | Lair:3   | Noticed a six-headed hydra
 12855 | Lair:2   | Killed a six-headed hydra
 13178 | Lair:3   | Killed a death yak
 13186 | Lair:3   | Killed a death yak
 13194 | Lair:3   | Killed a death yak
 13195 | Lair:3   | Reached XP level 13. HP: 61/115 MP: 15/18
 13503 | Lair:3   | Found a staircase to the Swamp.
 14805 | Lair:5   | Found a viscous altar of Jiyva.
 14805 | Lair:5   | Found a staircase to the Slime Pits.
 15158 | Lair:6   | Entered Level 6 of the Lair of Beasts
 16570 | Lair:6   | Reached XP level 14. HP: 120/127 MP: 19/19
 16793 | Lair:6   | Found a large runed translucent door.
 16794 | Lair:6   | Found a large runed translucent door.
 17395 | Orc:1    | Entered Level 1 of the Orcish Mines
 17405 | Orc:1    | Paralysed by an orc sorcerer for 4 turns
 17502 | Orc:1    | Reached skill level 1 in Evocations
 17756 | Orc:2    | Entered Level 2 of the Orcish Mines
 17756 | Orc:2    | Noticed Saint Roka
 18126 | Orc:2    | Noticed Maurice
 18200 | Orc:1    | Killed Saint Roka
 18274 | Orc:1    | Killed Maurice
 18290 | Orc:2    | Found Gaetap's General Store.
 18338 | Orc:2    | Found Kulloxixe's Jewellery Emporium.
 18536 | Orc:1    | Noticed Snorg
 18547 | Orc:1    | Killed Snorg
 18696 | Orc:1    | Reached skill level 15 in Armour
 18996 | Orc:2    | Found Zas Fierch's Antique Armour Emporium.
 19041 | Orc:2    | Found a staircase to the Elven Halls.
 19050 | Orc:2    | Found Fem Fim's Book Shoppe.
 19163 | Orc:2    | Noticed an orc warlord
 19195 | Orc:1    | Killed an orc warlord
 19196 | Orc:1    | Reached skill level 5 in Slings
 19254 | Orc:2    | Found Tash's Antique Weapon Boutique.
 19573 | Orc:1    | Noticed Sonja
 19581 | Orc:1    | Killed Sonja
 20417 | D:12     | You fall into a shaft and drop 1 floor!
 20456 | D:13     | Reached skill level 15 in Shields
 20549 | D:13     | Reached XP level 15. HP: 108/136 MP: 20/20
 20550 | D:13     | Found a gate to the Vaults.
 20583 | D:13     | Reached skill level 5 in Evocations
 21238 | D:13     | Reached ****** piety under the Shining One
 21630 | D:13     | Reached skill level 1 in Dodging
 21715 | D:14     | Noticed Josephine
 21730 | D:14     | Killed Josephine
 21796 | D:14     | Noticed Jorgrun
 21825 | D:14     | HP: 5/136 [Jorgrun/+0 vorpal quarterstaff (9)]
 21825 | D:14     | Mangled by Jorgrun

Illustrated notes

Levels and vault maps discovered:
D:1:      saegor_arrival_simple_b, layout_rooms, serial_shops,
          nicolae_shop_waterfront, tso_altar
D:2:      layout_loops_cross, nicolae_uskayaw_suspiria, nicolae_ru_awakened_eye,
          okawaru_ov_weapons_minmay
D:3:      kennysheep_big_flooded_room, layout_basic, serial_shops, shop,
          uniq_robin
D:4:      layout_layer_cave, marbit_many_paths, minmay_temple_entry_hall,
          serial_bayou, serial_bayou_crossing, serial_bayou_pond_a,
          serial_bayou_pond_a, serial_bayou_pond_b,
          chequers_serial_rivers_large_a, uniq_grinder
D:5:      layout_basic, elyvilon_altar_4
D:6:      layout_rooms, hangedman_feature_mirror, tgw_fedhas
D:7:      layout_rooms, nicolae_dithmenos_through_a_glass_darkly,
          sigmund_edmund_badplayer
D:8:      layout_rooms, tgw_trog, minitemple, hangedman_decor_points,
          uniq_maggie
D:9:      layout_basic, kennysheep_mini_moat, david_orc_1_choice
D:10:     layout_layer_cave, david_lair_shrubbed, nicolae_trove_entry_diagonal
D:11:     layout_basic, minmay_microvault, uniq_grum
D:12:     layout_basic, serial_bayou_pond_d
D:13:     layout_cave_pools, david_vaults_3, minmay_joined_circles
D:14:     layout_roguey, uniq_jorgrun, uniq_josephine
Lair:1:   layout_small_grid, uniq_gastronok
Lair:2:   layout_hall_layers, nicolae_spider_entry_orb_guardian, st_stairs_4,
          minmay_lair_oklob_chamber
Lair:3:   layout_cave_shapes, minmay_swamp_entry_swarm
Lair:4:   layout_hall_layers, grunt_forest_small_clearings, serial_bayou_pond_e,
          grunt_megastairs_5, lemuel_fruit_tree
Lair:5:   layout_misc_corridors, slime_altar_1, bobbens_ice_dragon_lair
Lair:6:   cheibrodos_lair_end_hotspot, layout_gridlike,
          kennysheep_basilisk_garden
Orc:1:    layout_diamond_mine, basic_altar, mines_bat_river, uniq_snorg,
          uniq_sonja
Orc:2:    grunt_orc_gardens, layout_caves, grunt_orc_garden, grunt_orc_garden,
          grunt_orc_garden, grunt_orc_garden, serial_shops, shop, uniq_maurice,
          uniq_saint_roka

Skill      XL: |  1  2  3  4  5  6  7  8  9 10 11 12 13 14 15 |
---------------+----------------------------------------------+-----
Shields        | 4 5 6 8 9 11 12 13 14 15 | 15.1
Maces & Flails | 3 4 5 6 7 9 11 12 14 | 14.0
Armour         | 4 5 6 7 8 9 11 14 15 | 15.7
Fighting       | 4 5 6 7 8 9 10 12 13 | 13.4
Slings         | 1 2 3 4 5 6 |  6.4
Invocations    | 1 2 3 4 5 6 8 9 |  9.1
Evocations     | 4 5 |  5.5
Dodging        | 1 |  1.5

Action                   |  1- 3 |  4- 6 |  7- 9 | 10-12 | 13-15 || total
-------------------------+-------+-------+-------+-------+-------++-------
Melee: Flail             |    85 |    83 |   218 |   570 |  1054 ||  2010
       Headbutt          |    10 |    13 |    46 |   120 |   249 ||   438
       Morningstar       |       |       |    10 |       |       ||    10
 Fire: Fustibalus        |       |    15 |    22 |    19 |    67 ||   123
Invok: Divine Shield     |       |       |     3 |     2 |     8 ||    13
       Summon Divine War |       |       |       |     1 |     2 ||     3
Evoke: Wand              |       |       |     1 |       |       ||     1
  Use: Scroll            |     4 |     1 |     7 |     8 |     5 ||    25
       Potion            |       |     4 |     1 |       |     2 ||     7
Armor: Scale mail        |    26 |    17 |     5 |       |       ||    48
       Chain mail        |       |       |    84 |   187 |   384 ||   655
       Plate armour      |       |       |     1 |       |       ||     1
Dodge: Dodged            |    19 |    17 |    73 |   133 |   220 ||   462
Block: Kite shield       |    30 |    41 |   174 |   339 |   582 ||  1166
       Tower shield      |       |       |       |       |   122 ||   122

Table legend: (Time is in decaauts)
 A = Elapsed time spent in this place.
 B = Non-inter-level travel time spent in this place.
 C = Inter-level travel time spent in this place.
 D = Time resting spent in this place.
 E = Time spent auto-exploring this place.
 F = Levels seen in this place.
 G = Mean time per level.
                   A        B        C        D        E       F      G
               +--------+--------+--------+--------+--------+-----+--------+
         Total |  21731 |  19785 |   1946 |      7 |  14726 |  22 |  987.8 |
       Dungeon |  13196 |  11925 |   1271 |      7 |   9081 |  14 |  942.6 |
          Lair |   6348 |   5869 |    479 |      0 |   4375 |   6 | 1058.0 |
  Orcish Mines |   2185 |   1991 |    194 |      0 |   1269 |   2 | 1092.5 |
               +--------+--------+--------+--------+--------+-----+--------+

Top non-repeatable levels by time:
  Lair:6: 1706 daAuts
     D:4: 1384 daAuts
    D:11: 1353 daAuts
    D:10: 1337 daAuts
     D:9: 1246 daAuts
   Orc:1: 1196 daAuts
     D:6: 1069 daAuts
  Lair:2: 1038 daAuts
  Lair:5: 1009 daAuts
   Orc:2: 989 daAuts
  Lair:1: 966 daAuts
     D:2: 921 daAuts
     D:5: 916 daAuts
     D:3: 911 daAuts
    D:13: 873 daAuts
